 Dungeon Crawl Stone Soup version 0.18-a0-1626-g65af6d3 (webtiles) character file.

1876 namelastname112 the Carver (level 8, -25/63 HPs)
             Began as a Black Draconian Chaos Knight on Mar 25, 2016.
             Killed from afar by a wyvern (41 damage)
             ... with an exploding inner flame
             ... hexed by the player character
             ... on level 8 of the Dungeon.
             The game lasted 00:10:11 (7043 turns).

namelastname112 the Carver (DrCK)                   Turns: 7043, Time: 00:10:12

Health: -25/63     AC: 10    Str: 14    XL:     8   Next: 91%
Magic:  8/8        EV: 14    Int: 13    God:    Xom [.*....]
Gold:   286        SH:  0    Dex: 11    Spells: 0 memorised, 7 levels left

rFire  . . .     SeeInvis .     a - +0 falchion (chaos)
rCold  . . .     Gourm    .     (armour unavailable)
rNeg   + + .     Faith    .     (no shield)
rPois  +         Spirit   .     (helmet restricted)
rElec  +         Dismiss  .     q - +0 cloak
rCorr  .         Reflect  .     r - +0 pair of gloves
SustAt .         Harm     .     f - +1 pair of boots
MR     .....                    (no amulet)
Stlth  ++........               I - -2 ring of slaying (curse)
                                p - ring "Etaj" {rPois rN++}

@: very slightly contaminated, not resistant to hostile enchantments, unstealthy
A: breathe lightning, unfitting armour, antennae 1, hooves 1, camouflage 1,
clumsy 1, frail 1, electricity resistance, evolution 2, cold-blooded, AC +6
a: Breathe Lightning, Renounce Religion


You were on level 8 of the Dungeon.
You worshipped Xom.
You were a plaything of Xom.
You were hungry.

You visited 1 branch of the dungeon, and saw 8 of its levels.
You also visited: Ossuary.

You collected 286 gold pieces.

Inventory:

Hand Weapons
 a - a +0 falchion of chaos (weapon)
 e - a +0 great sword
Missiles
 A - a throwing net (quivered)
Armour
 f - a +1 pair of boots (worn)
 q - a +0 cloak (worn)
 r - a +0 pair of gloves (worn)
Jewellery
 p - the ring "Etaj" (left hand) {rPois rN++}
   (Xom gifted it to you on level 4 of the Dungeon)

   [ring of poison resistance]

   It protects you from poison.
   It greatly protects you from negative energy.
 I - a cursed -2 ring of slaying (right hand)
 J - a +4 ring of slaying
Wands
 v - a wand of confusion (22/48)
 z - a wand of iceblast (3/15)
 D - a wand of lightning (11/15)
Scrolls
 c - 5 scrolls of enchant armour
 d - 4 scrolls of identify
 j - 2 scrolls of remove curse {unknown}
 k - 11 scrolls of teleportation {unknown}
 s - a scroll of immolation
 w - 2 scrolls of amnesia {unknown}
 y - a scroll of fog {unknown}
 C - a scroll of torment {unknown}
 E - a scroll of magic mapping {unknown}
 F - a scroll of summoning {unknown}
Potions
 m - 3 potions of cancellation
 n - 2 potions of flight {unknown}
 o - 3 potions of heal wounds {unknown}
 u - a potion of degeneration {unknown}
 x - a potion of haste {unknown}
 G - a potion of invisibility {unknown}
 H - a potion of lignification {unknown}
Comestibles
 b - 5 bread rations
 h - 2 meat rations
 i - 2 beef jerkies
 l - 5 fruits
 B - a slice of pizza


   Skills:
 + Level 6.8 Fighting
 * Level 8.9 Long Blades
 + Level 5.7 Dodging


You had 7 spell levels left.
You didn't know any spells.

Dungeon Overview and Level Annotations

Branches:
Dungeon (8/15)             Temple (0/1) D:7
   Lair: D:8-11

Altars:
Ashenzari
Cheibriados
Elyvilon
Fedhas
Kikubaaqudgha
Makhleb
Pakellas
Ru
Vehumet
Xom
Zin

Shops:
D:7 :


Innate Abilities, Weirdness & Mutations

You can breathe wild blasts of lightning.
Your glossy black scales are hard (AC +6).
Your body does not fit into most forms of armour.
You are resistant to electric shocks.
You are cold-blooded and may be slowed by cold attacks.
You have a pair of small antennae on your head.
You have large cloven feet.
Your skin changes colour to match your surroundings (Stealth).
You are clumsy. (Dex -2)
You are frail (-10% HP).
You rapidly evolve.


Message History

The wight hits you with an enchanted falchion.
* * * LOW HITPOINT WARNING * * *
Drink which item? (? for menu, Esc to quit)
You feel better. The wyvern barely misses you. The wyvern zombie bites you!
* * * LOW HITPOINT WARNING * * *
The orc priest closely misses you. The wight barely misses you.
The wyvern zombie bites you but does no damage.
The wyvern closely misses you. The wight hits you but does no damage.
Read which item? (? for menu, Esc to quit)
As you read the scroll labeled MUTATOMEWK, it crumbles to dust.
The creatures around you are filled with an inner flame!
It was a scroll of immolation.
The orc priest explodes!
The fiery explosion engulfs the wyvern.
The wyvern explodes!
The fiery explosion engulfs the wyvern zombie.
The fiery explosion engulfs you!
Ouch! That really hurt!
You die...
Xom giggles madly!

.### #......... ...#
#........ .#.# #.......
...# #...... ...# ####.....
...### #....§§§# ##...#
###....§§Z#####
#....###........@§lo.§#
.._...)..##.....zz###§§#
....#...# #.......# #§#
...##§..# #.......####.§#
##......# #.$........##.##.
#......#..................
##......#...######....##.#.
#..######... #.........
..## ########.#


You could see an iguana (inner flame), 2 wights, an orc (inner flame) and a
wyvern zombie (inner flame).

Vanquished Creatures
  Prince Ribbit (D:7)
  Sigmund (D:2)
  A wraith (Ossuary)
  A sky beast (D:5)
  An ice beast (D:5)
  A phantom (D:6)
  A necrophage (D:5)
  A centaur (D:5)
  An ogre (D:5)
  A giant frog (D:7)
  A howler monkey (D:8)
  A wight (D:8)
  4 crimson imps
  2 giant frog zombies
  An orc priest (D:3)
  A hound (D:8)
  A centaur skeleton (D:3)
  2 iguanas
  Crazy Yiuf (D:2)
  Ijyb (D:3)
  2 worker ants
  A mummy (Ossuary)
  A hound skeleton (D:5)
  Robin (D:2)
  A worker ant zombie (D:8)
  9 adders
  A shadow imp (D:5)
  An adder skeleton (D:5)
  2 worms
  3 dart slugs
  6 giant geckos
  13 orcs
  5 bats
  2 giant cockroaches
  16 goblins
  10 hobgoblins
  11 jackals
  7 quokkas
  A ball python (D:3)
  4 giant newts
  6 gnoll skeletons (Ossuary)
  6 kobolds
  7 kobold skeletons (Ossuary)
  12 orc skeletons (Ossuary)
  5 rats
158 creatures vanquished.

Vanquished Creatures (collateral kills)
  A jackal skeleton (D:5)
1 creature vanquished.

Vanquished Creatures (others)
  A quokka (D:4)
1 creature vanquished.

Grand Total: 160 creatures vanquished

Notes
Turn   | Place    | Note
--------------------------------------------------------------
     0 | D:1      | namelastname112 the Draconian Chaos Knight began the quest for the Orb.
     0 | D:1      | Reached XP level 1. HP: 19/19 MP: 1/1
    80 | D:1      | Reached XP level 2. HP: 26/26 MP: 2/2
   156 | D:1      | XOM: divination: detect creatures
   639 | D:1      | Reached XP level 3. HP: 27/31 MP: 3/3
  1101 | D:2      | Reached skill level 4 in Long Blades
  1112 | D:2      | Noticed Robin
  1115 | D:2      | XOM: harmless Trmt miscast
  1137 | D:2      | Killed Robin
  1137 | D:2      | Reached XP level 4. HP: 23/40 MP: 4/4
  1149 | D:2      | XOM: noise
  1485 | D:2      | Noticed Sigmund
  1490 | D:2      | XOM: divination: detect items
  1492 | D:2      | Killed Sigmund
  1492 | D:2      | Reached skill level 5 in Long Blades
  1492 | D:2      | Reached XP level 5. HP: 45/47 MP: 5/5
  1814 | D:2      | Noticed Crazy Yiuf
  1819 | D:2      | Killed Crazy Yiuf
  1819 | D:2      | Reached XP level 6. HP: 36/53 MP: 6/6
  2018 | D:3      | XOM: silly message
  2067 | D:3      | Found a glowing silver altar of Zin.
  2119 | D:3      | XOM: divination: magic mapping
  2678 | D:3      | Noticed Ijyb
  2696 | D:3      | Killed Ijyb
  2696 | D:3      | Reached skill level 6 in Long Blades
  2717 | D:3      | XOM: divination: detect creatures
  2735 | D:3      | XOM: give mutations
  2735 | D:3      | Gained mutation: You possess an exceptional clarity of mind. [Xom's grace]
  2735 | D:3      | Gained mutation: You have a pair of small antennae on your head. [Xom's grace]
  2735 | D:3      | Gained mutation: Your skin changes colour to match your surroundings (Stealth). [Xom's grace]
  2735 | D:3      | Gained mutation: Your tail ends in a poisonous barb. [Xom's grace]
  3137 | D:4      | Noticed Purgy
  3147 | D:4      | Noticed Purgy
  3147 | D:4      | Purgy changed into Purgy the worm
  3147 | D:4      | XOM: polymorph Purgy -> Purgy the worm
  3151 | D:4      | Killed Purgy the worm
  3179 | D:4      | Found a white marble altar of Elyvilon.
  3179 | D:4      | XOM: 1-stop teleportation journey
  3381 | D:4      | Found a sacrificial altar of Ru.
  3394 | D:4      | Your scales start taking on a glossy black colour.
  3394 | D:4      | Reached XP level 7. HP: 50/60 MP: 7/7
  3394 | D:4      | Gained mutation: You are resistant to electric shocks. [Black Draconian growth]
  3480 | D:4      | XOM: god gift: clouded jade ring {god gift}
  3481 | D:4      | Got a clouded jade ring {god gift}
  3482 | D:4      | Identified the ring "Etaj" {rPois rN++} (Xom gifted it to you on level 4 of the Dungeon)
  3740 | D:5      | Entered Level 5 of the Dungeon
  3761 | D:5      | XOM: confuse monster(s)
  3770 | D:5      | Reached skill level 5 in Fighting
  3829 | D:5      | XOM: god gift: 13 stones
  3870 | D:5      | XOM: summons 4 friendly demons
  3923 | D:5      | XOM: harmless Necr miscast
  3974 | D:5      | XOM: 2-stop teleportation journey
  4070 | D:5      | Reached skill level 7 in Long Blades
  4101 | D:5      | XOM: give mutations
  4101 | D:5      | Lost mutation: You possess an exceptional clarity of mind. [Xom's mischief]
  4101 | D:5      | Gained mutation: You are clumsy. (Dex -2) [Xom's mischief]
  4101 | D:5      | Gained mutation: You are weak. (Str -2) [Xom's mischief]
  4322 | D:5      | Found a burning altar of Makhleb.
  4345 | D:5      | Reached XP level 8. HP: 51/67 MP: 8/8
  4372 | D:5      | Lost mutation: You are weak. (Str -2) [mutagenic meat]
  4373 | D:5      | Gained mutation: You have large cloven feet. [mutagenic meat]
  4374 | D:5      | Gained mutation: You evolve. [mutagenic meat]
  4375 | D:5      | Gained mutation: You are frail (-10% HP). [mutagenic meat]
  4845 | D:6      | XOM: harmless Air miscast
  4858 | D:6      | Reached skill level 5 in Dodging
  4859 | D:6      | Found a shattered altar of Ashenzari.
  4932 | D:6      | Lost mutation: Your tail ends in a poisonous barb. [evolution]
  4991 | D:6      | Found a sand-covered staircase.
  5000 | Ossuary  | Entered an ossuary
  5023 | Ossuary  | XOM: butterfly on damage
  5026 | Ossuary  | XOM: divination: detect items
  5149 | Ossuary  | XOM: blink monster(s)
  5214 | Ossuary  | Reached skill level 8 in Long Blades
  5986 | D:7      | Found an ancient bone altar of Kikubaaqudgha.
  5986 | D:7      | XOM: 1-stop teleportation journey
  5999 | D:7      | Noticed Prince Ribbit
  6028 | D:7      | XOM: summons friendly quasit
  6208 | D:7      | XOM: summons 2 hostile shadow creatures
  6300 | D:7      | Found a staircase to the Ecumenical Temple.
  6397 | D:7      | Found Jyrer's Book Emporium.
  6525 | D:7      | Killed Prince Ribbit
  6553 | D:7      | Found an oddly glowing altar of Pakellas.
  6553 | D:7      | Found a radiant altar of Vehumet.
  6553 | D:7      | Found a snail-covered altar of Cheibriados.
  6553 | D:7      | XOM: 8-stop teleportation journey
  6576 | D:7      | XOM: 10-stop teleportation journey
  6673 | D:8      | Found a shimmering altar of Xom.
  6814 | D:8      | Found a blossoming altar of Fedhas.
  6841 | D:8      | Gained mutation: You rapidly evolve. [evolution]
  6845 | D:7      | XOM: silly message
  7007 | D:8      | XOM: mild Erth miscast
  7014 | D:8      | XOM: 4-stop teleportation journey
  7026 | D:8      | XOM: mild Divn miscast
  7027 | D:8      | XOM: smoke on damage
  7043 | D:8      | Killed from afar by a wyvern

Vault maps used:
D:1:      ncdulo_wetmaze, st_stairs_14, minmay_ruptured
D:2:      uniq_robin, uniq_sigmund, uniq_crazy_yiuf_cottage
D:3:      zin_academy, first_bread, kennysheep_potato, uniq_iyjb
D:4:      elyvilon_altar_4, nicolae_ru_awakened_eye, uniq_purgy
D:5:      lightli_temple_of_fire
D:6:      cheibrodos_ashenzari_chains, chequers_ossuary_entry_cave
D:7:      cheibrodos_worm_habitat, nicolae_overflow_hidden_temple,
          lemuel_doored_altar, minmay_temple_entry_crystal_x, serial_shops,
          shop, uniq_prince_ribbit1
D:8:      overflow_temple_1_default, nicolae_overflow_crystal_walls, uniq_pikel
Ossuary:  ossuary_due_mausoleum

Skill      XL: |  1  2  3  4  5  6  7  8 |
---------------+-------------------------+-----
Long Blades    | 4 5 6 7 8 |  8.9
Fighting       | 4 5 6 |  6.8
Dodging        | 3 4 5 |  5.7

Action                   |  1- 3 |  4- 6 |  7- 9 || total
-------------------------+-------+-------+-------++-------
Melee: Falchion          |   122 |   199 |   312 ||   633
 Abil: Breathe Lightning |       |       |     6 ||     6
  Use: Potion            |     1 |       |     8 ||     9
       Scroll            |       |       |     4 ||     4
 Stab: Petrifying        |     1 |       |     1 ||     2
       Confused          |     1 |     2 |     4 ||     7
       Distracted        |     1 |       |       ||     1
       Sleeping          |       |     2 |     4 ||     6
       Petrified         |       |       |     3 ||     3
       Paralysed         |       |       |     3 ||     3
  Eat: Chunk             |     1 |     7 |    12 ||    20
       Beef jerky        |       |       |     1 ||     1
       Meat ration       |       |       |     1 ||     1
